Construct Weapon Support Center
Selects Airborne Battlegroup
Selects Paratrooper Squad Paradrop
Paratrooper Squad Paradrop
Construct Medical Station
M3 Armored Personnel Carrier
Paratrooper Squad Paradrop
Selects Anti-tank Gun Team Paradrop
Anti-tank Gun Team Paradrop
M18 Hellcat Tank Destroyer
Paratrooper Squad Paradrop
Selects Dual P-47 Rocket Strike
M4(105) Sherman Bulldozer
M18 Hellcat Tank Destroyer
M4(105) Sherman Bulldozer
M4(105) Sherman Bulldozer